 Dungeon Crawl Stone Soup version 0.20-a0-709-gd40821f (webtiles) character file.

44 nono the Skirmisher (level 3, -6/29 HPs)
             Began as a Formicid Artificer on Feb 21, 2017.
             Killed themself with a badly aimed iceblast (10 damage)
             ... on level 2 of the Dungeon.
             The game lasted 00:05:13 (1632 turns).

nono the Skirmisher (Formicid Artificer)            Turns: 1632, Time: 00:05:15

Health: -6/29      AC:  3    Str: 15 (17) XL:     3   Next: 87%
Magic:  5/5        EV: 11    Int: 14 (15) God:
Gold:   51         SH:  3    Dex: 10 (11) Spells: 2/2 levels left

rFire    . . .     SeeInvis +   a - +0 short sword
rCold    + . .     Gourm    .   b - +0 leather armour
rNeg     . . .     Faith    .   s - +0 buckler
rPois    .         Spirit   .   (helmet unavailable)
rElec    .         Reflect  .   n - scarf {rC+}
rCorr    .         Harm     .   (no gloves)
MR       .....                  (no boots)
Stlth    +.........             (no amulet)
Regen    0.1/turn               (no ring)
MPRegen  0.1/turn               (no ring)

@: brilliant, lethally poisoned (-6 -> -8)
A: permanent stasis, dig shafts and tunnels, four strong arms, antennae 3
a: Dig, Shaft Self


You were on level 2 of the Dungeon.
You were very hungry.

You visited 1 branch of the dungeon, and saw 2 of its levels.

You collected 51 gold pieces.

Inventory:

Hand Weapons
 a - a +0 short sword (weapon)
Missiles
 q - 6 needles of sleeping
 r - 9 poisoned needles
Armour
 b - a +0 leather armour (worn)
 l - a +0 cloak
 n - a scarf of cold resistance (worn)
 s - a +0 buckler (worn)
Jewellery
 m - an uncursed amulet of harm {unknown}
Wands
 c - a wand of flame (3/48)
 d - a wand of enslavement (15/24)
 e - a wand of random effects (15/48)
Scrolls
 i - a scroll of identify {unknown}
 j - a scroll of immolation {unknown}
 k - 2 scrolls of teleportation {unknown}
 p - 3 scrolls of blinking {unknown}
Comestibles
 f - a bread ration


   Skills:
 - Level 3.4 Fighting
 - Level 1.0 Short Blades
 + Level 0.4 Armour
 - Level 1.7 Dodging
 - Level 1.2 Stealth
 + Level 0.8 Shields
 - Level 3.2 Evocations


You had 2 spell levels left.
You didn't know any spells.

Dungeon Overview and Level Annotations

Branches:
Dungeon (2/15)

Altars:
Elyvilon


Innate Abilities, Weirdness & Mutations

You cannot be hasted, slowed, berserked, paralysed or teleported.
You can dig through walls and to a lower floor.
Your four strong arms can wield two-handed weapons with a shield.
You have a pair of large antennae on your head. (SInv)


Message History

You feel sick. The adder bites you.
* * * LOW HITPOINT WARNING * * *
It was a potion of curing.
You feel better. The adder closely misses you. The adder bites you.
* * * LOW HITPOINT WARNING * * *
You are poisoned.
The adder poisons you!
It was a potion of degeneration.
There was something very wrong with that liquid.
You feel weakened.
You feel dopey.
You feel clumsy.
You feel sick. The adder bites you.
* * * LOW HITPOINT WARNING * * *
Evoke which item? (* to show all) (? for menu, Esc to quit)
Aiming: Random Effects
Press: ? - help, Shift-Dir - straight line, f/p - adder
Aim: an adder (severely wounded)
The mass of ice explodes!
The iceblast engulfs the adder.
You kill the adder!
The iceblast engulfs you! You partially resist.
You die...

#.#...# #......#
######.##.## #......#
.......##.# #......#
.########.## #####......#
.#...###...###...#......#
...P....._.....P........#
.#...###...###...#..#####
.##### ##.##.#####..# .#
#.#.....@...# .#
#.##........#
.#######...#........#
)......#.P #..........
.####### #........###
.########. #.########
.#...........
.#..........#
.............


There were no monsters in sight!

Vanquished Creatures
  2 adders (D:2)
  A dart slug (D:1)
  A leopard gecko (D:1)
  A giant cockroach (D:1)
  3 goblins
  A hobgoblin (D:2)
  2 jackals (D:1)
  4 bats
  3 frilled lizards (D:2)
  3 kobolds (D:1)
  4 rats
25 creatures vanquished.

Notes
Turn   | Place    | Note
-------+----------+-------------------------------------------
     0 | D:1      | nono the Formicid Artificer began the quest for the Orb.
     0 | D:1      | Reached XP level 1. HP: 15/15 MP: 3/3
   141 | D:1      | Reached XP level 2. HP: 22/22 MP: 4/4
  1066 | D:2      | Reached XP level 3. HP: 28/28 MP: 5/5
  1591 | D:2      | Found a white marble altar of Elyvilon.
  1632 | D:2      | Killed themself with a badly aimed iceblast

Vault maps used:
D:1:      dpeg_arrival_connections
D:2:      marbit_many_paths, elyvilon_altar_1

Skill      XL: |  1  2  3 |
---------------+----------+-----
Fighting       | 2 3 |  3.4
Short Blades   | |  1.0
Armour         | |  0.4
Dodging        | |  1.7
Stealth        | |  1.2
Shields        | |  0.8
Evocations     | |  3.2

Action                   || total
-------------------------++-------
Melee: Short sword       ||    78
Evoke: Wand              ||    12
  Use: Potion            ||     3
 Stab: Sleeping          ||     2
  Eat: Chunk             ||     1
Armor: Leather armour    ||    33
Dodge: Dodged            ||    63
Block: Buckler           ||     2
